 Dungeon Crawl Stone Soup version 0.25.1-1-g288607f5aa (webtiles) character file.

Game seed: 11835455066802548473

1316 Descartes the Blocker (level 8, 0/58 HPs)
             Began as a Formicid Fighter on July 20, 2020.
             Was an Initiate of Cheibriados.
             Killed from afar by Maggie (23 damage)
             ... with a bolt of fire
             ... on level 6 of the Dungeon.
             The game lasted 00:10:56 (7081 turns).

Descartes the Blocker (Formicid Fighter)            Turns: 7081, Time: 00:10:57

Health: 0/58       AC: 19    Str: 21    XL:     8   Next: 89%
Magic:  8/8        EV:  8    Int: 12    God:    Cheibriados [......]
Gold:   289        SH: 12    Dex: 17    Spells: 7/7 levels left

rFire    . . .     SeeInvis +   d - +3 falchion
rCold    . . .     Gourm    .   c - +0 kite shield
rNeg     . . .     Faith    .   p - +0 chain mail
rPois    .         Spirit   .   (helmet unavailable)
rElec    .         Reflect  .   A - +0 cloak
rCorr    .         Harm     .   F - +0 pair of gloves
MR       .....                  z - +0 pair of boots
Stlth    ..........             (no amulet)
HPRegen  0.19/turn              C - +4 ring of protection
MPRegen  0.11/turn              K - +6 ring of dexterity

@: very slow
A: permanent stasis, dig shafts and tunnels, four strong arms, antennae 3
a: Dig, Shaft Self, Bend Time, Renounce Religion


You were on level 6 of the Dungeon.
You worshipped Cheibriados.
Cheibriados was noncommittal.
You were hungry.

You visited 2 branches of the dungeon, and saw 7 of its levels.

You collected 289 gold pieces.

Inventory:

Hand Weapons
 d - a +3 falchion (weapon)
 y - a +2 rapier of speed
 J - a +0 battleaxe
Missiles
 i - 27 bolts
 l - 130 stones (quivered)
 q - 51 arrows
 r - 29 poisoned darts
 t - 23 sling bullets
 B - 7 boomerangs
 G - 4 curare-tipped darts
Armour
 c - a +0 kite shield (worn)
 p - a +0 chain mail (worn)
 z - a +0 pair of boots (worn)
 A - a +0 cloak (worn)
 F - a +0 pair of gloves (worn)
Jewellery
 C - a +4 ring of protection (left hand)
 K - a +6 ring of dexterity (right hand)
Scrolls
 a - 3 scrolls of teleportation {unknown}
 h - 5 scrolls of identify {unknown}
 j - 2 scrolls of remove curse {unknown}
 k - a scroll of enchant weapon {unknown}
 m - 2 scrolls of magic mapping {unknown}
 n - a scroll of blinking {unknown}
 o - 2 scrolls of enchant armour {unknown}
 v - a scroll of immolation {unknown}
 E - a scroll of fog {unknown}
Potions
 b - a potion of curing
 e - a potion of cancellation {unknown}
 g - 2 potions of stabbing {unknown}
 s - 2 potions of flight {unknown}
 u - 2 potions of might
 w - a potion of magic {unknown}
 x - a potion of heal wounds
 D - a potion of berserk rage {unknown}
 H - a potion of lignification {unknown}
 L - a potion of invisibility {unknown}
Comestibles
 f - 9 rations


   Skills:
 - Level 3.2 Fighting
 - Level 2.0 Long Blades
 + Level 8.9 Armour
 - Level 9.0 Shields


You had 7 spell levels left.
You didn't know any spells.
Your spell library was empty.

Dungeon Overview and Level Annotations

Branches:
Dungeon (6/15)             Temple (1/1) D:6

Altars:
Ashenzari
Cheibriados
Dithmenos
Fedhas
Gozag
Hepliaklqana
Kikubaaqudgha
Makhleb
Nemelex Xobeh
Okawaru
Qazlal
Ru
Sif Muna
Trog
Uskayaw
Vehumet
Wu Jian
Xom
Yredelemnul
Zin
The Shining One

Shops:
D:4 (

Annotations:
D:6 Maggie


Innate Abilities, Weirdness & Mutations

You cannot be hasted, slowed, berserked, paralysed or teleported.
You can dig through walls and to a lower floor.
Your four strong arms can wield two-handed weapons with a shield.
You have a pair of large antennae on your head. (SInv)


Message History

You hit Maggie.
Maggie is heavily wounded.
Maggie mumbles some strange words.
Maggie attempts to bespell you! You resist with almost no effort.
You hit Maggie.
Maggie is heavily wounded.
Maggie hits you with a +2 long sword of flaming.
Maggie burns you.
You barely miss Maggie.
Maggie is heavily wounded.
Maggie zaps a wand.
The puff of flame hits you but does no damage.
You slash Maggie!
Maggie is severely wounded.
Maggie hits you but does no damage.
You hit Maggie but do no damage.
Maggie is severely wounded.
Maggie casts a spell at you. The bolt of fire hits you!!
You die...

#### .... #.#
##############.#.#
...............#.#
####.....#######.#
#..............#.#
#.##.._..#####.#r#
#.#..........#<#@#
#.#......###.#.#@#
...........#.#.#.#
..#รท######.#.#.#.#
.##.######.#.#.#.#
..#........#.#.#.#
############.#.#.#
.............#.#.#
.............#.#.#
......#...#..#.#.#


You could see Maggie and a quokka.

Vanquished Creatures
  Grinder (D:5)
  A hungry ghost (D:6)
  A bullfrog (D:6)
  A scorpion (D:4)
  A crimson imp (D:6)
  A centaur zombie (D:6)
  2 hounds (D:4)
  A jelly (D:6)
  4 orc priests
  A gnoll shaman (D:4)
  2 orc wizards (D:4)
  3 iguanas
  Terence (D:2)
  2 worker ants (D:4)
  A hound skeleton (D:5)
  19 gnolls
  4 adders
  An ooze (D:3)
  2 worms
  A dart slug (D:3)
  3 leopard geckos
  17 orcs
  4 ball pythons
  7 giant cockroaches
  12 goblins
  5 hobgoblins
  15 jackals
  4 kobolds
  A ball python skeleton (D:4)
  8 bats
  3 frilled lizards
  8 rats
137 creatures vanquished.

Notes
Turn   | Place    | Note
-------+----------+-------------------------------------------
     0 | D:1      | Descartes the Formicid Fighter began the quest for the Orb.
     0 | D:1      | Reached XP level 1. HP: 18/18 MP: 1/1
    31 | D:1      | Reached skill level 4 in Shields
   160 | D:1      | Reached XP level 2. HP: 18/24 MP: 2/2
   597 | D:1      | Reached XP level 3. HP: 22/29 MP: 3/3
   857 | D:1      | Reached skill level 5 in Shields
  1483 | D:2      | Reached XP level 4. HP: 35/35 MP: 4/4
  1496 | D:2      | Reached skill level 6 in Shields
  1761 | D:2      | Reached XP level 5. HP: 12/41 MP: 5/5
  1987 | D:2      | You fall into a shaft and drop 1 floor!
  1987 | D:3      | Found a glowing silver altar of Zin.
  2035 | D:3      | Reached skill level 7 in Shields
  2415 | D:2      | Found a bloodstained altar of Trog.
  2463 | D:2      | Reached XP level 6. HP: 46/47 MP: 6/6
  2498 | D:2      | Noticed Terence
  2511 | D:2      | Killed Terence
  3794 | D:4      | Reached skill level 8 in Shields
  4058 | D:4      | Reached XP level 7. HP: 47/52 MP: 7/7
  4085 | D:4      | Reached skill level 9 in Shields
  4538 | D:4      | Found Tots's Weapon Emporium.
  4590 | D:4      | Reached skill level 5 in Armour
  5079 | D:4      | Reached XP level 8. HP: 56/58 MP: 8/8
  5168 | D:5      | Entered Level 5 of the Dungeon
  5466 | D:5      | Noticed Grinder
  5486 | D:5      | Killed Grinder
  6374 | D:6      | Found a burning altar of Makhleb.
  6565 | D:6      | Found a staircase to the Ecumenical Temple.
  6581 | Temple   | Entered the Ecumenical Temple
  6669 | Temple   | Became a worshipper of Cheibriados the Contemplative
  7056 | D:6      | Noticed Maggie
  7081 | D:6      | Killed from afar by Maggie

Illustrated notes

Levels and vault maps discovered:
D:1:      erik_arrival_cave_to_civilisation [erik_arrival_cave_to_hall],
          layout_basic
D:2:      layout_loops_ring, bloody_trog, uniq_terence
D:3:      layout_basic, old_standard_altar
D:4:      layout_loops_ring, serial_shops, shop
D:5:      layout_basic, first_ration, uniq_grinder
D:6:      layout_basic, temple_fountains, basic_altar, grunt_decor_fettered,
          minmay_manual_mess, uniq_maggie
Temple:   regret_index_temple_chain_breaker

Skill      XL: |  1  2  3  4  5  6  7  8 |
---------------+-------------------------+-----
Shields        | 4 5 6 7 8 9 |  9.0
Armour         | 6 8 |  8.9
Fighting       | |  3.2
Long Blades    | |  2.0

Action                   |  1- 3 |  4- 6 |  7- 9 || total
-------------------------+-------+-------+-------++-------
Melee: Long sword        |   126 |    81 |       ||   207
       Falchion          |       |   154 |   328 ||   482
 Abil: Dig               |       |     1 |     1 ||     2
  Use: Potion            |       |     4 |       ||     4
  Eat: Chunk             |     2 |     9 |     9 ||    20
       Ration            |       |       |     3 ||     3
Armor: Scale mail        |    48 |       |       ||    48
       Chain mail        |    11 |   120 |   138 ||   269
Dodge: Dodged            |    43 |    67 |    68 ||   178
Block: Kite shield       |    75 |   156 |   199 ||   430
       Rpst.: Long sword |    14 |    10 |       ||    24
       Falchion          |       |    10 |    24 ||    34
